 Dungeon Crawl Stone Soup version 0.25.0-11-g1f837a76a1 (webtiles) character file.

Game seed: 6095457095306655347

173 xccam the Cudgeler (level 5, -1/30 HPs)
             Began as a Tengu Warper on June 26, 2020.
             Slain by an ogre
             ... wielding a +0 giant club
              (15 damage)
             ... on level 4 of the Dungeon.
             The game lasted 00:03:05 (3602 turns).

xccam the Cudgeler (Tengu Warper)                   Turns: 3602, Time: 00:03:06

Health: -1/30      AC:  4    Str: 12    XL:     5   Next: 53%
Magic:  9/9        EV: 12    Int: 14    God:
Gold:   138        SH:  0    Dex: 13    Spells: 8/8 levels left

rFire    . . .     SeeInvis .   c - +1 mace (venom)
rCold    . . .     Gourm    .   (no shield)
rNeg     . . .     Faith    .   a - +1 leather armour (curse)
rPois    .         Spirit   .   (helmet restricted)
rElec    .         Reflect  .   (no cloak)
rCorr    .         Harm     .   (no gloves)
MR       .....                  (boots unavailable)
Stlth    +.........             (no amulet)
HPRegen  0.10/turn              (no ring)
MPRegen  0.11/turn              (no ring)

@: no status effects
A: beak, talons 3, able to fly
a: Fly


You were on level 4 of the Dungeon.
You were not hungry.

You visited 1 branch of the dungeon, and saw 4 of its levels.

You collected 138 gold pieces.

Inventory:

Hand Weapons
 c - a +1 mace of venom (weapon)
Missiles
 e - 2 boomerangs of dispersal (quivered)
Armour
 a - a cursed +1 leather armour (worn)
Jewellery
 h - an uncursed ring of protection from magic {unknown}
 p - a +6 ring of dexterity {unknown}
Scrolls
 o - a scroll of enchant weapon
 r - a scroll of immolation
Potions
 b - a potion of flight {unknown}
 d - a potion of berserk rage {unknown}
 g - a potion of curing {unknown}
 i - a potion of stabbing
 m - a potion of heal wounds {unknown}
 n - a potion of ambrosia {unknown}
Comestibles
 f - 3 rations


   Skills:
 - Level 2.0 Fighting
 + Level 6.0 Maces & Flails
 - Level 1.0 Throwing
 + Level 1.3 Armour
 + Level 2.3 Dodging
 - Level 2.0 Spellcasting
   Level 2.4 Translocations


You had 8 spell levels left.
You didn't know any spells.
Your spell library contained the following spells:

 Spells                   Type           Power        Failure   Level  Hunger
 Blink                    Tloc           N/A          17%         2    ###....
 Shroud of Golubria       Chrm/Tloc      #.....       28%         2    ###....
 Gell's Gravitas          Tloc           #.........   34%         3    ####...
 Lesser Beckoning         Tloc           #.........   34%         3    ####...
 Teleport Other           Tloc           #.......     34%         3    ####...
 Passage of Golubria      Tloc           N/A          75%         4    #####..


Dungeon Overview and Level Annotations

Branches:
Dungeon (4/15)
 Temple: D:4-7

Altars:
Dithmenos
Sif Muna


Innate Abilities, Weirdness & Mutations

You have a beak for a mouth.
You have claws for feet.
You can fly continuously.


Message History

You hit the orc.
The orc is poisoned.
The orc is lightly wounded.
The orc hits you.
You closely miss the orc. You claw the orc.
You kill the orc!
You swing at nothing.
The orc barely misses you.
You thump the orc!
You kill the orc!
You closely miss the ogre.
The ogre is lightly wounded.
The ogre hits you with a +0 giant club!
Ouch! That really hurt!
You barely miss the ogre. Your kick misses the ogre.
The ogre is lightly wounded.
The ogre closely misses you.
You hit the ogre.
The ogre is poisoned.
You peck the ogre.
The ogre is moderately wounded.
The ogre hits you with a +0 giant club!
Ouch! That really hurt!
You die...

§§§## ..# ##.### ##
§§§§# ... #.# ##
####. §§§§# ....
#.## ####.... >....
...## #..#
####....### .....#
#...##..####....####
.....#
#...#..#....####
...... #.......####
......# ##....###
......# ##@###
#O########
##o†.......
##........(.
#####...........
...<............
................
................
................


You could see an ogre (very poisoned) and an orc.

Vanquished Creatures
  4 gnolls (D:3)
  6 adders
  4 worms
  2 dart slugs (D:3)
  3 leopard geckos
  2 orcs (D:4)
  3 giant cockroaches
  6 goblins
  4 hobgoblins
  5 jackals
  8 kobolds
  A quokka (D:2)
  10 bats
  3 frilled lizards
  5 rats
66 creatures vanquished.

Notes
Turn   | Place    | Note
-------+----------+-------------------------------------------
     0 | D:1      | xccam the Tengu Warper began the quest for the Orb.
     0 | D:1      | Reached XP level 1. HP: 12/12 MP: 4/4
    85 | D:1      | Reached skill level 3 in Maces & Flails
    85 | D:1      | Reached XP level 2. HP: 9/17 MP: 6/6
   699 | D:1      | Reached XP level 3. HP: 15/21 MP: 7/7
  1038 | D:1      | Reached skill level 4 in Maces & Flails
  1436 | D:2      | HP: 1/21 [leopard gecko (4)]
  1800 | D:2      | Reached XP level 4. HP: 26/26 MP: 8/8
  2031 | D:2      | Found a shimmering blue altar of Sif Muna.
  2195 | D:3      | Found a shadowy altar of Dithmenos.
  2383 | D:3      | Reached skill level 5 in Maces & Flails
  2892 | D:3      | Gained mutation: You can fly continuously. [Tengu growth]
  2892 | D:3      | Reached XP level 5. HP: 26/30 MP: 9/9
  3355 | D:4      | Reached skill level 6 in Maces & Flails
  3578 | D:4      | Noticed an ogre
  3602 | D:4      | Slain by an ogre

Illustrated notes

Levels and vault maps discovered:
D:1:      dpeg_arrival_rooms_c, layout_loops_ring, grunt_decor_cap
D:2:      layout_rooms, lemuel_round_altar
D:3:      layout_loops_corners, grunt_dithmenos_smoke
D:4:      layout_cave_pods, nicolae_ossuary_entry_false_entrances, minivault_14

Skill      XL: |  1  2  3  4  5 |
---------------+----------------+-----
Maces & Flails | 3 4 5 6 |  6.0
Fighting       | |  2.0
Throwing       | |  1.0
Armour         | |  1.3
Dodging        | |  2.3
Spellcasting   | |  2.0
Translocations | |  2.4

Action                   |  1- 3 |  4- 6 || total
-------------------------+-------+-------++-------
Melee: Mace              |    91 |    66 ||   157
       Peck              |    15 |    15 ||    30
       Kick              |    17 |    16 ||    33
Throw: Boomerang         |       |     3 ||     3
  Use: Scroll            |     1 |     7 ||     8
       Potion            |     1 |       ||     1
 Stab: Sleeping          |     1 |       ||     1
  Eat: Chunk             |     3 |     5 ||     8
Armor: Leather armour    |    31 |    12 ||    43
Dodge: Dodged            |    84 |    31 ||   115
